 Dungeon Crawl Stone Soup version 0.29-a0-491-gac2d408 (webtiles) character file.

Game seed: 2441934814436947115

22 Toastz the Grave Robber (level 2, 0/21 HPs)
             Began as a Demonspawn Necromancer on May 26, 2022.
             Hit by a stone thrown by a hobgoblin (1 damage)
             ... on level 1 of the Dungeon.
             The game lasted 00:01:41 (464 turns).

Toastz the Grave Robber (Demonspawn Necromancer)     Turns: 464, Time: 00:01:41

Health: 0/21       AC:  2    Str:  8    XL:     2   Next: 68%
Magic:  3/5        EV: 12    Int: 16    God:
Gold:   57         SH:  0    Dex: 13    Spells: 4/5 levels left

rFire   + . .      SeeInvis .   a - +0 long sword
rCold   . . .      Faith    .   (no shield)
rNeg    . . .      Spirit   .   c - +0 robe
rPois   .          Reflect  .   (no helmet)
rElec   .          Harm     .   (no cloak)
rCorr   .          Rampage  .   (no gloves)
Will    .....                   (no boots)
Stlth   ++........              (no amulet)
HPRegen 0.07/turn               g - ring of protection from fire
MPRegen 0.18/turn               (no ring)

@: no status effects
A: magic regeneration
a: no special abilities


You were on level 1 of the Dungeon.
You visited 1 branch of the dungeon, and saw 1 of its levels.

You collected 57 gold pieces.

Inventory:

Hand Weapons
 a - a +0 long sword (weapon)
Missiles
 d - 25 stones
 i - 5 poisoned darts
Armour
 c - a +0 robe (worn)
Jewellery
 g - a ring of protection from fire (left hand)
Scrolls
 e - 3 scrolls of enchant weapon {unknown}
 h - a scroll of fog {unknown}
Potions
 b - a potion of magic
 f - a potion of attraction {unknown}


   Skills:
 + Level 1.6 Fighting
 - Level 1.7 Dodging
 - Level 1.7 Stealth
 - Level 2.0 Spellcasting
 + Level 4.9 Necromancy


You had 4 spell levels left.
You knew the following spells:

 Your Spells              Type           Power      Damage    Failure   Level
a - Necrotize             Necr           68%        1d7       2%          1

Your spell library contained the following spells:

 Spells                   Type           Power      Damage    Failure   Level
 Vampiric Draining        Necr           17%        2d7       9%          3
 Animate Dead             Necr           17%        N/A       28%         4
 Agony                    Necr           17%        N/A       61%         5


Dungeon Overview and Level Annotations

Branches:
Dungeon (1/15)

Altars:


Innate Abilities, Weirdness & Mutations

You regenerate magic rapidly.


Message History

The hobgoblin hits your kobold skeleton.
The endoplasm freezes you.
You are frozen.
You hit the endoplasm.
The endoplasm is moderately wounded.
Your kobold skeleton closely misses the hobgoblin.
The endoplasm hits you but does no damage.
Your kobold skeleton misses the hobgoblin.
You slash the endoplasm!
You kill the endoplasm!
The bat barely misses you.
The hobgoblin throws a stone.
The stone misses you. The bat hits your kobold skeleton.
Your kobold skeleton closely misses the bat.
You barely miss the hobgoblin.
Something completely misses your kobold skeleton.
The hobgoblin hits you.
Your kobold skeleton closely misses the bat.
You hit the hobgoblin but do no damage. The hobgoblin hits you.
* * * LOW HITPOINT WARNING * * *
Your kobold skeleton misses the bat.
The hobgoblin barely misses you.
Casting: Necrotize (safe; 2% risk of failure)
Confirm with . or Enter, or press ? or * to list all spells.
Aiming: Necrotize (safe; 2% risk of failure)
Press: ? - help, Shift-Dir - straight line, f - hobgoblin
Aim: a hobgoblin, quivering stones (chance to affect: 87%)
The hobgoblin barely resists.
Your kobold skeleton closely misses the bat.
The hobgoblin hits you.
* * * LOW HITPOINT WARNING * * *
Casting: Necrotize (safe; 2% risk of failure)
Confirm with . or Enter, or press ? or * to list all spells.
Aiming: Necrotize (safe; 2% risk of failure)
Press: ? - help, Shift-Dir - straight line, f/p - hobgoblin
Aim: a hobgoblin, quivering stones (chance to affect: 87%)
The hobgoblin writhes in agony.
The hobgoblin hits you.
* * * LOW HITPOINT WARNING * * *
The hobgoblin attacks as you move away! The hobgoblin barely misses you.
Your kobold skeleton hits the bat.
The hobgoblin throws a stone.
The stone hits you.
You die...

###.#.#........#.#
# #.....####...#.#
###...### ..#.#
....### ##.# ..###
#.# ..# #.# ..#
#.# #.. #.# ###.
#@# .. ########.#
.. .......#g#
........b#
...J...Z.#
.........#
.K.......#
.........#
$........#


You could see a hobgoblin, a bat (ally target) and a friendly kobold skeleton.

Vanquished Creatures
  A bat (D:1)
  2 endoplasms (D:1)
  2 goblins (D:1)
  2 hobgoblins (D:1)
  3 jackals (D:1)
  2 kobolds (D:1)
  2 quokkas (D:1)
  2 frilled lizards (D:1)
  2 rats (D:1)
18 creatures vanquished.

Vanquished Creatures (collateral kills)
  A goblin (D:1)
1 creature vanquished.

Grand Total: 19 creatures vanquished

Notes
Turn   | Place    | Note
-------+----------+-------------------------------------------
     0 | D:1      | Toastz the Demonspawn Necromancer began the quest for the
                  | Orb.
     0 | D:1      | Reached XP level 1. HP: 13/13 MP: 3/3
   163 | D:1      | Reached skill level 1 in Fighting
   173 | D:1      | Gained mutation: You regenerate magic rapidly. [demonic
                  | ancestry]
   173 | D:1      | Reached XP level 2. HP: 21/21 MP: 1/5
   463 | D:1      | HP: 1/21 [hobgoblin (4)]
   464 | D:1      | Hit by a stone thrown by a hobgoblin

Illustrated notes

Levels and vault maps discovered:
D:1:      mrwooster_arrival_arrow, layout_rooms

Skill      XL: |  1 |
---------------+----+-----
Fighting       | 1 |  1.6
Dodging        | |  1.7
Stealth        | |  1.7
Spellcasting   | |  2.0
Necromancy     | |  4.9

Action                   || total
-------------------------++-------
Melee: Long sword        ||    25
       Unarmed           ||     2
 Cast: Necrotize         ||    22
Armor: Robe              ||     8
Dodge: Dodged            ||    29

Table legend: (Time is in decaauts)
 A = Elapsed time spent in this place.
 B = Non-inter-level travel time spent in this place.
 C = Inter-level travel time spent in this place.
 D = Time resting spent in this place.
 E = Time spent auto-exploring this place.
 F = Levels seen in this place.
 G = Mean time per level.
                   A        B        C        D        E       F      G
               +--------+--------+--------+--------+--------+-----+--------+
         Total |    473 |    473 |      0 |     29 |    306 |   1 |  473.0 |
       Dungeon |    473 |    473 |      0 |     29 |    306 |   1 |  473.0 |
               +--------+--------+--------+--------+--------+-----+--------+

Top non-repeatable levels by time:
     D:1: 473 daAuts
